 Dungeon Crawl Stone Soup version 0.30-a0-639-g3916f1956a (webtiles) character file.

Game seed: 2570206269387236982

31773 browni3141 the Unseen (level 13, -5/70 HPs)
             Began as a Kobold Brigand on Jan 15, 2023.
             Was a High Priest of Dithmenos.
             Slain by Rupert
             ... wielding a +4 great mace of protection
              (18 damage)
             ... on level 2 of the Orcish Mines.
             The game lasted 00:45:18 (21972 turns).

browni3141 the Unseen (Kobold Brigand)             Turns: 21972, Time: 00:45:18

Health: -5/70      AC: 15    Str:  9    XL:     13   Next: 98%
Magic:  20/20      EV: 17    Int: 19    God:    Dithmenos [*****.]
Gold:   1382       SH:  0    Dex: 20    Spells: 12/12 levels left

rFire   . . .      SeeInvis .    N - +0 rapier
rCold   + . .      Faith    .    (no shield)
rNeg    . . .      Spirit   .    q - +4 scale mail {rC+}
rPois   .          Reflect  .    C - +0 helmet
rElec   .          Harm     .    u - +0 cloak
rCorr   +          Rampage  .    (no gloves)
Will    .....                    n - +1 pair of boots Stlth *+++++++++
                                 g - amulet of the acrobat
HPRegen 0.31/turn                O - ring of resist corrosion
MPRegen 0.17/turn                W - +6 ring of intelligence

@: wreathed by umbra
A: small, no large weapons, nightstalker 3
a: Renounce Religion, Shadow Step, Shadow Form


You were on level 2 of the Orcish Mines.
You worshipped Dithmenos.
Dithmenos was extremely pleased with you.
You visited 4 branches of the dungeon, and saw 19 of its levels.
You also visited: Sewer.

You collected 1447 gold pieces.
You spent 65 gold pieces at shops.

Inventory:

Hand Weapons
 N - a +0 rapier (weapon)
Missiles
 a - a curare-tipped dart
 F - 20 poisoned darts (quivered)
Armour
 b - a +0 robe
 c - a +0 cloak
 d - a +0 kite shield
 n - a +1 pair of boots (worn)
 q - a +4 scale mail of cold resistance (worn)
 u - a +0 cloak (worn)
 C - a +0 helmet (worn)
Jewellery
 e - an amulet of faith
 g - an amulet of the acrobat (around neck)
 l - a ring of magical power
 w - an amulet of magic regeneration
 O - a ring of resist corrosion (left hand)
 T - a +6 ring of intelligence
 W - a +6 ring of intelligence (right hand)
Wands
 Q - a wand of flame (3)
 U - a wand of quicksilver (3)
 X - a wand of charming (1)
Scrolls
 f - 4 scrolls of fog
 h - 3 scrolls of magic mapping
 i - 2 scrolls of silence
 k - 2 scrolls of enchant weapon
 o - 2 scrolls of enchant armour
 v - a scroll of noise
 y - 3 scrolls of poison
 A - a scroll of summoning
 B - a scroll of vulnerability {unknown}
 E - 3 scrolls of amnesia {unknown}
 G - 12 scrolls of teleportation {unknown}
 L - a scroll of fear {unknown}
 M - 2 scrolls of immolation {unknown}
 S - a scroll of brand weapon {unknown}
 Y - a scroll of blinking {unknown}
Potions
 j - 2 potions of curing
 m - 2 potions of mutation
 p - a potion of berserk rage
 r - 3 potions of haste
 s - 2 potions of resistance
 t - 2 potions of attraction
 x - 3 potions of heal wounds
 z - 7 potions of lignification {unknown}
 D - 3 potions of degeneration {unknown}
 H - a potion of ambrosia
 I - 2 potions of invisibility {unknown}
 J - a potion of might {unknown}
 K - 2 potions of cancellation {unknown}
 V - a potion of flight {unknown}
 Z - a potion of brilliance {unknown}
Miscellaneous
 P - a condenser vane (inert)


   Skills:
 - Level 4.0 Fighting
 - Level 14.0 Short Blades
 - Level 2.1 Throwing
 - Level 4.0 Armour
 - Level 14.0 Dodging
 * Level 16.1 Stealth
 - Level 10.0 Invocations
 - Level 8.0 Evocations


You had 12 spell levels left.
You didn't know any spells.
Your spell library contained the following spells:

 Spells                   Type           Power      Damage    Failure   Level
 Blink                    Tloc           0%         N/A       91%         2
 Lesser Beckoning         Tloc           0%         N/A       91%         2
 Momentum Strike          Conj/Tloc      0%         3d8       91%         2
 Ozocubu's Armour         Ice            0%         N/A       99%         3
 Blade Hands              Tmut           0%         N/A       100%        5
 Freezing Cloud           Conj/Ice/Air   0%         6-21      100%        5
 Irradiate                Conj/Tmut      0%         3d11      100%        5
 Metabolic Englaciation   Hex/Ice        0%         N/A       100%        5
 Simulacrum               Ice/Necr       0%         N/A       100%        6
 Dragon Form              Tmut           0%         N/A       100%        7
 Polar Vortex             Ice            0%         N/A       100%        9


Dungeon Overview and Level Annotations

Branches:
Dungeon (12/15)            Temple (0/1) D:4            Lair (4/5) D:11
  Swamp (0/4) Lair:2       Spider (1/4) Lair:2        Slime (0/5) Lair:4
    Orc (2/2) D:9             Elf (0/3) Orc:2         Sewer (visited)

Altars:
Cheibriados
Dithmenos
Elyvilon
Fedhas
Gozag
Kikubaaqudgha
Makhleb
Okawaru
Sif Muna
Uskayaw
Wu Jian
The Shining One

Shops:
D:7 =*   Orc:1 **

Annotations:
D:5 2 transporters, Mitcholas's ghost, amateur DEHu
D:9 Erolcha
Orc:1 3 runed translucent doors, exclusion: 3 doors, Cezoat's ghost, journeyman OpVM
Orc:2 Rupert


Innate Abilities, Weirdness & Mutations

You are small and have problems with some larger weapons.
You are completely attuned to the shadows.


Message History

The orc is heavily wounded.
Your shadow hits the orc with a rapier.
You kill the orc!
Dithmenos accepts your kill.
Rupert drinks a potion.
Rupert seems to speed up.
You barely miss Rupert. Rupert roars wildly at you.
You struggle to resist.
You hit Rupert but do no damage.
Rupert shouts, "I'm a great and powerful hero!"
Rupert misses you.
An ogre comes into view. It is wielding a +0 giant club.
Aiming: Charm
Press: ? - help, Shift-Dir - straight line, f - Rupert
Aim: Rupert, wielding a +4 great mace of protection and wearing a +2 scale mail of poison resistance (fast, umbra, chance to affect: 8%)
Okay, then.
Aiming: Charm
Press: ? - help, Shift-Dir - straight line, f - ogre
Aim: an ogre, wielding a +0 giant club (wandering, hasn't noticed you, chance to affect: 67%)
The ogre shouts!
The ogre struggles to resist.
Rupert hits you with a +4 great mace of protection!!
You emit a cloud of dark smoke.
Rupert roars wildly at you.
You suddenly lose the ability to move!
Rupert hits you with a +4 great mace of protection!
You emit a cloud of dark smoke.
The ogre barely misses you.
Rupert hits you with a +4 great mace of protection!!
* * * LOW HITPOINT WARNING * * *
Rupert hits you but does no damage. Rupert yells loudly at you.
You are confused.
The ogre barely misses you.
You can move again.
Unknown command.
You feel better.
Rupert hits you with a +4 great mace of protection.
* * * LOW HITPOINT WARNING * * *
Rupert hits you with a +4 great mace of protection!!
You die...

............#
.................
..................
...................#..
.........)............
...§§§#..)............
...§§§...))...........
...§§@).............#.
...§§@...............#
#..§§O§.§...........##
...§.§§§§...# ......#
...§..#...... .....#.
............ .#.....
.......... ..##.#. ..
####


You could see Rupert (fast) and an ogre.

Vanquished Creatures
  Erica (Lair:1)
  A boulder beetle (D:11)
  2 hydras (Lair:2)
  4 two-headed ogres
  A death yak (Lair:4)
  Lodul (D:10)
  An orc knight (Orc:1)
  A deep elf pyromancer (D:12)
  An orc sorcerer (Orc:1)
  A black mamba (Lair:2)
  A gargoyle (D:11)
  5 cane toads
  A kobold demonologist (D:12)
  Maggie (Lair:1)
  6 komodo dragons
  2 unseen horrors
  2 burning bushes (Lair:1)
  3 trolls
  A meliai (Lair:2)
  2 hornets
  9 blink frogs (Lair:4)
  A tyrant leech (Lair:2)
  5 polar bears
  A shadow (D:7)
  2 basilisks
  A vampire (D:10)
  3 wyverns
  21 yaks
  5 wargs
  2 swamp worms (Lair:2)
  2 acid dragons
  3 sky beasts
  8 water moccasins
  23 orc warriors
  2 ice beasts
  4 black bears
  14 ogres
  5 wolves (Lair:4)
  6 centaurs
  A phantom (D:6)
  6 kobold brigands
  11 bullfrogs
  3 gnoll sergeants
  4 scorpions
  3 necrophages
  7 wights
  4 killer bees
  2 vampire bats (Orc:2)
  3 howler monkeys
  An electric eel (D:8)
  A wyvern simulacrum (D:8)
  6 hounds
  A jelly (D:5)
  Crazy Yiuf (D:2)
  15 orc priests
  An iguana (D:5)
  Terence (D:2)
  9 orc wizards
  A centaur simulacrum (D:8)
  Robin (D:4)
  13 gnolls
  14 adders
  2 river rats
  3 white imps (D:7)
  5 worms
  4 dart slugs
  65 orcs
  3 endoplasms
  4 giant cockroaches
  15 goblins
  7 hobgoblins
  19 kobolds
  2 quokkas (D:4)
  12 ball pythons
  11 bats
  8 frilled lizards
  16 rats
440 creatures vanquished.

Vanquished Creatures (collateral kills)
  A death yak (Lair:2)
  A scorpion (Lair:2)
  An orc priest (Orc:1)
  An orc wizard (Orc:1)
  2 orcs (Orc:1)
6 creatures vanquished.

Vanquished Creatures (others)
  A warg (Orc:1)
  An orc priest (Orc:2)
  10 fungi
  23 plants
35 creatures vanquished.

Grand Total: 481 creatures vanquished

Notes
Turn   | Place    | Note
-------+----------+-------------------------------------------
     0 | D:1      | browni3141 the Kobold Brigand began the quest for the Orb.
     0 | D:1      | Reached XP level 1. HP: 12/12 MP: 1/1
    53 | D:1      | Found a faded altar of an unknown god.
   194 | D:1      | Reached skill level 6 in Stealth
   194 | D:1      | Reached XP level 2. HP: 17/17 MP: 2/2
   267 | D:1      | Found a shadowy altar of Dithmenos.
   286 | D:1      | Reached XP level 3. HP: 17/21 MP: 3/3
   315 | D:1      | Became a worshipper of Dithmenos the Shadowed
   521 | D:1      | Reached skill level 7 in Stealth
   937 | D:2      | Noticed Terence
   952 | D:2      | Killed Terence
   953 | D:2      | Reached XP level 4. HP: 19/26 MP: 4/4
  1095 | D:2      | Reached skill level 8 in Stealth
  1176 | D:2      | Reached skill level 1 in Armour
  1176 | D:2      | Reached XP level 5. HP: 30/30 MP: 5/5
  1454 | D:2      | Found a runed translucent door.
  1457 | D:2      | Noticed Crazy Yiuf
  1637 | D:2      | Killed Crazy Yiuf
  1802 | D:3      | Found a glowing golden altar of the Shining One.
  1986 | D:3      | Reached * piety under Dithmenos
  2123 | D:3      | Reached XP level 6. HP: 31/35 MP: 6/6
  2383 | D:3      | Identified the +4 hand axe of Gallantry {venom, Fly rC+
                  | Will+ Dex+4}
  3094 | D:4      | Reached XP level 7. HP: 40/40 MP: 7/7
  3294 | D:4      | Reached ** piety under Dithmenos
  3449 | D:4      | Found a staircase to the Ecumenical Temple.
  3452 | D:4      | Noticed Robin
  3511 | D:4      | Killed Robin
  3723 | D:5      | Entered Level 5 of the Dungeon
  4055 | D:5      | Reached skill level 5 in Short Blades
  4109 | D:5      | Reached XP level 8. HP: 44/44 MP: 8/8
  4209 | D:5      | Reached skill level 5 in Dodging
  4209 | D:5      | Reached skill level 1 in Invocations
  4795 | D:5      | Found a transporter.
  4796 | D:5      | Found a transporter.
  4797 | D:5      | Noticed Mitcholas's ghost (amateur DEHu)
  5204 | D:6      | Reached skill level 5 in Invocations
  5256 | D:6      | Reached XP level 9. HP: 46/52 MP: 11/13
  5376 | D:6      | Reached *** piety under Dithmenos
  5381 | D:6      | Found a glowing drain.
  5386 | Sewer    | Entered a sewer
  6094 | D:6      | Reached skill level 9 in Stealth
  6424 | D:7      | Reached skill level 10 in Stealth
  6729 | D:7      | Found a blossoming altar of Fedhas.
  6891 | D:7      | Reached skill level 11 in Stealth
  6941 | D:7      | Found Wupp's Jewellery Shop.
  7165 | D:7      | Noticed a hornet
  7169 | D:7      | Killed a hornet
  7170 | D:7      | Reached skill level 12 in Stealth
  7205 | D:7      | Reached XP level 10. HP: 56/56 MP: 14/14
  7418 | D:7      | Found Momm's Mass Market.
  7942 | D:8      | Reached **** piety under Dithmenos
  8001 | D:8      | Reached skill level 10 in Short Blades
  9019 | D:9      | Noticed Erolcha
  9042 | D:9      | Noticed a two-headed ogre
  9046 | D:9      | Killed a two-headed ogre
  9068 | D:9      | Noticed a two-headed ogre
  9127 | D:9      | Killed a two-headed ogre
  9128 | D:9      | Reached XP level 11. HP: 43/61 MP: 15/15
  9332 | D:9      | Found a staircase to the Orcish Mines.
  9570 | D:9      | Found a snail-covered altar of Cheibriados.
  9570 | D:9      | Found a shadowy altar of Dithmenos.
  9577 | D:9      | Found a white marble altar of Elyvilon.
  9578 | D:9      | Found a burning altar of Makhleb.
  9579 | D:9      | Found an ancient bone altar of Kikubaaqudgha.
  9580 | D:9      | Found a hide-covered altar of Uskayaw.
  9580 | D:9      | Found an opulent altar of Gozag.
  9581 | D:9      | Found an iron altar of Okawaru.
 10431 | D:9      | Reached skill level 13 in Stealth
 10835 | D:9      | Found an ornate altar of the Wu Jian Council.
 10928 | D:10     | Entered Level 10 of the Dungeon
 11379 | D:10     | Noticed Lodul
 11775 | D:10     | Killed Lodul
 11776 | D:10     | Reached skill level 5 in Evocations
 11896 | D:10     | Reached ***** piety under Dithmenos
 12374 | D:11     | Noticed a two-headed ogre
 12378 | D:11     | Killed a two-headed ogre
 12463 | D:11     | Found a staircase to the Lair.
 12469 | D:11     | You fall into a shaft and drop 1 floor!
 12654 | D:12     | Noticed a deep elf pyromancer
 12674 | D:12     | Killed a deep elf pyromancer
 12675 | D:12     | Reached XP level 12. HP: 48/66 MP: 18/18
 12747 | D:12     | Reached skill level 14 in Stealth
 12847 | D:12     | Noticed a skeletal warrior
 12847 | D:12     | Noticed a skeletal warrior
 12847 | D:12     | Noticed a skeletal warrior
 13103 | D:11     | Noticed a two-headed ogre
 13107 | D:11     | Killed a two-headed ogre
 13143 | D:11     | Noticed a boulder beetle
 13471 | D:11     | Killed a boulder beetle
 13824 | D:11     | Noticed a two-headed ogre
 13979 | Lair:1   | Entered Level 1 of the Lair of Beasts
 14106 | Lair:1   | Found a shimmering blue altar of Sif Muna.
 14107 | Lair:1   | Noticed Erica
 14111 | Lair:1   | Killed Erica
 14362 | Lair:1   | Noticed Maggie
 14366 | Lair:1   | Killed Maggie
 14681 | Lair:1   | Reached skill level 15 in Stealth
 15241 | Lair:2   | Found a hole to the Spider Nest.
 15275 | Lair:2   | Noticed a seven-headed hydra
 15340 | Lair:2   | Noticed a seven-headed hydra
 15344 | Lair:2   | Killed a seven-headed hydra
 15542 | Lair:2   | Reached skill level 10 in Invocations
 15542 | Lair:2   | Reached XP level 13. HP: 70/70 MP: 20/20
 15545 | Lair:2   | You fall into a shaft and drop 2 floors!
 15556 | Lair:4   | Found a staircase to the Slime Pits.
 16482 | Lair:2   | Reached skill level 10 in Dodging
 16483 | Lair:2   | Reached skill level 16 in Stealth
 16488 | Lair:2   | Killed a seven-headed hydra
 16737 | Lair:2   | Found the +8 storm bow {elec, penet}
 17614 | Lair:2   | Found a staircase to the Swamp.
 18058 | Spider:1 | Entered Level 1 of the Spider Nest
 19816 | Orc:1    | Entered Level 1 of the Orcish Mines
 20137 | Orc:1    | Found Duydesie's General Store.
 20138 | Orc:1    | Found Kuijiut's Specific Store.
 20216 | Orc:1    | Bought a potion of heal wounds for 65 gold pieces
 20889 | Orc:1    | Found a runed translucent gate.
 20889 | Orc:1    | Found a runed translucent gate.
 20889 | Orc:1    | Found a runed translucent gate.
 20918 | Orc:1    | Noticed Cezoat's ghost (journeyman OpVM)
 21152 | Orc:2    | Entered Level 2 of the Orcish Mines
 21275 | Orc:2    | Noticed Rupert
 21915 | Orc:2    | Found a staircase to the Elven Halls.
 21968 | Orc:2    | Paralysed by Rupert for 4 turns
 21972 | Orc:2    | Slain by Rupert

Illustrated notes

Levels and vault maps discovered:
D:1:      psy_arrival_spokes, layout_loops_ring, basic_ecumenical_altar,
          minmay_hexomino_r4
D:2:      layout_rooms, hangedman_decor_lopped, uniq_crazy_yiuf_cottage,
          uniq_terence
D:3:      layout_basic, mainiacjoe_overflow_tiny_flanked, hex_intersection
D:4:      layout_loops_ring, minmay_temple_entry_mini_moons, grunt_ministairs_3,
          uniq_robin
D:5:      layout_rooms, gammafunk_ghost_hive
D:6:      layout_cave_pods, lightli_sewer_entry_pipes
D:7:      layout_loops_ring, fedhas_ov_isle_minmay, serial_shops,
          nicolae_shop_temple_entry_statues_fountains, minmay_shop_mass,
          minmay_bent
D:8:      layout_cave_pools, serial_ice, serial_ice_o, serial_ice_i,
          serial_ice_g, serial_ice_a, grunt_decor_junction
D:9:      layout_roguey, minitemple, nicolae_wu_jian_wuxing_cycle,
          kennysheep_orc_monster_closet_entryway, uniq_erolcha
D:10:     layout_long_grid, uniq_lodul
D:11:     layout_roguey, lair_entry_dummy
D:12:     lemuel_bear_cage, layout_cave_pods
Lair:1:   layout_hall_layers, basic_altar, evilmike_ambush
          [evilmike_ambush_outer_basic, evilmike_ambush_inner_pond],
          grunt_megastairs_2, uniq_erica, uniq_maggie
Lair:2:   layout_roguey, minmay_swamp_entry_worms,
          hellmonk_spider_entry_not_the_bees, grunt_megastairs_3,
          lemuel_fruit_tree
Lair:3:   layout_layer_cave, nicolae_lair_lil_pond, serial_bayou_ford_a
Lair:4:   layout_layer_cave, slime_entry_1
Spider:1: layout_spider_delve, hangedman_spider_tarantella_strand
Orc:1:    layout_diamond_mine, biasface_ghost_orc_armoury,
          nicolae_specific_store
Orc:2:    st_orc_town, layout_caves, roderic_batcave, uniq_rupert

Skill      XL: |  1  2  3  4  5  6  7  8  9 10 11 12 13 |
---------------+----------------------------------------+-----
Stealth        | 6 7 8 12 13 15 16 | 16.1
Armour         | 1 2 4 |  4.0
Short Blades   | 3 5 7 13 14 | 14.0
Dodging        | 4 5 7 9 14 | 14.0
Invocations    | 5 6 8 10 | 10.0
Fighting       | 4 |  4.0
Evocations     | 2 6 8 |  8.0
Throwing       | |  2.1

Action                   |  1- 3 |  4- 6 |  7- 9 | 10-12 | 13-15 || total
-------------------------+-------+-------+-------+-------+-------++-------
Melee: Dagger            |    70 |   173 |   559 |       |       ||   802
       Punch             |       |     4 |    11 |    14 |    11 ||    40
       Rapier            |       |       |    69 |   150 |   623 ||   842
       Short sword       |       |       |       |   642 |    42 ||   684
Throw: Dart              |     8 |     5 |    40 |   164 |    77 ||   294
Invok: Shadow Step       |       |       |       |     2 |       ||     2
Evoke: Wand              |       |       |       |    27 |    17 ||    44
       Condenser vane    |       |       |       |     2 |     1 ||     3
  Use: Scroll            |       |       |     6 |     6 |     8 ||    20
       Potion            |       |       |       |     5 |     1 ||     6
 Stab: Sleeping          |     9 |    23 |    37 |    41 |    38 ||   148
       Distracted        |       |       |     1 |       |     9 ||    10
       Petrifying        |       |       |       |       |     1 ||     1
Armor: Robe              |     9 |       |       |       |       ||     9
       Scale mail        |       |    34 |   146 |   189 |    98 ||   467
Dodge: Dodged            |    55 |    46 |   267 |   374 |   411 ||  1153

Table legend: (Time is in decaauts)
 A = Elapsed time spent in this place.
 B = Non-inter-level travel time spent in this place.
 C = Inter-level travel time spent in this place.
 D = Time resting spent in this place.
 E = Time spent auto-exploring this place.
 F = Levels seen in this place.
 G = Mean time per level.
                   A        B        C        D        E       F      G
               +--------+--------+--------+--------+--------+-----+--------+
         Total |  20810 |  20050 |    760 |   1659 |  13290 |  20 | 1040.5 |
       Dungeon |  13186 |  12614 |    572 |    709 |   8690 |  12 | 1098.8 |
          Lair |   5519 |   5362 |    157 |    695 |   3424 |   4 | 1379.8 |
   Spider Nest |      1 |      1 |      0 |      0 |      0 |   1 |    1.0 |
  Orcish Mines |   1806 |   1775 |     31 |    255 |   1005 |   2 |  903.0 |
         Sewer |    297 |    297 |      0 |      0 |    170 |   1 |  297.0 |
               +--------+--------+--------+--------+--------+-----+--------+

Top non-repeatable levels by time:
  Lair:2: 2227 daAuts
     D:9: 2061 daAuts
  Lair:3: 1617 daAuts
    D:10: 1584 daAuts
     D:7: 1421 daAuts
   Orc:1: 1110 daAuts
     D:6: 1106 daAuts
     D:5: 1096 daAuts
     D:8: 1085 daAuts
     D:3: 1005 daAuts
  Lair:1: 912 daAuts
     D:4: 903 daAuts
    D:11: 892 daAuts
     D:1: 857 daAuts
     D:2: 827 daAuts
